 Dungeon Crawl Stone Soup version 0.28.0-53-g5a82cb258f (webtiles) character file.

Game seed: 4905322954339645287

819 Renzlar the Shield-Bearer (level 7, -2/60 HPs)
             Began as a Gnoll Fighter on Aug 14, 2022.
             Slain by a hornet zombie (3 damage)
             ... on level 5 of the Dungeon.
             The game lasted 00:10:59 (4133 turns).

Renzlar the Shield-Bearer (Gnoll Fighter)           Turns: 4133, Time: 00:11:00

Health: -2/60      AC:  7    Str: 18    XL:     7   Next: 95%
Magic:  11/11      EV: 10    Int:  7    God:
Gold:   183        SH:  5    Dex: 11    Spells: 11/11 levels left

rFire   . . .      SeeInvis .   a - +0 war axe
rCold   . . .      Faith    .   f - +0 buckler
rNeg    . . .      Spirit   .   b - +0 scale mail
rPois   .          Reflect  .   (no helmet)
rElec   .          Harm     .   (no cloak)
rCorr   .          Rampage  .   (no gloves)
Will    .....                   (no boots)
Stlth   +.........              (no amulet)
HPRegen 0.20/turn               (no ring)
MPRegen 0.12/turn               (no ring)

@: no status effects
A: fangs 1, strong nose, distributed training
a: no special abilities


You were on level 5 of the Dungeon.
You visited 1 branch of the dungeon, and saw 5 of its levels.

You collected 183 gold pieces.

Inventory:

Hand Weapons
 a - a +0 war axe (weapon)
 c - a +4 hunting sling
 k - a +0 whip of venom
Missiles
 h - 66 stones (quivered)
 i - 5 boomerangs
 j - 8 poisoned darts
 m - 45 sling bullets
Armour
 b - a +0 scale mail (worn)
 f - a +0 buckler (worn)
Wands
 n - a wand of digging (7)
 o - a wand of charming (18)
Scrolls
 q - 2 scrolls of identify
Potions
 d - a potion of flight
 l - 2 potions of invisibility {unknown}
 p - a potion of mutation {unknown}


   Skills:
 + Level 7.1 Fighting
 + Level 2.8 Short Blades
 + Level 2.8 Long Blades
 + Level 5.4 Axes
 + Level 2.8 Maces & Flails
 + Level 2.8 Polearms
 + Level 2.8 Staves
 + Level 2.8 Slings
 + Level 2.8 Bows
 + Level 2.8 Crossbows
 + Level 2.8 Throwing
 + Level 7.1 Armour
 + Level 2.8 Dodging
 + Level 2.8 Stealth
 + Level 7.1 Shields
 + Level 2.8 Unarmed Combat
 + Level 2.8 Spellcasting
 + Level 2.2 Conjurations
 + Level 2.2 Hexes
 + Level 2.2 Summonings
 + Level 2.2 Necromancy
 + Level 2.2 Translocations
 + Level 2.2 Transmutations
 + Level 2.2 Fire Magic
 + Level 2.2 Ice Magic
 + Level 2.2 Air Magic
 + Level 2.2 Earth Magic
 + Level 2.2 Poison Magic
 + Level 3.1 Invocations
 + Level 2.8 Evocations


You had 11 spell levels left.
You didn't know any spells.
Your spell library was empty.

Dungeon Overview and Level Annotations

Branches:
Dungeon (5/15)
 Temple: D:4-7

Altars:
Cheibriados
Hepliaklqana


Innate Abilities, Weirdness & Mutations

You have very sharp teeth.
Your uncanny sense of smell can sniff out nearby items.
Your experience applies equally to all skills.


Message History

You hit the hornet zombie.
The hornet zombie is heavily damaged.
The hornet zombie closely misses you.
The hornet zombie hits you but does no damage.
You hit the hornet zombie but do no damage.
The hornet zombie is heavily damaged.
The hornet zombie hits you but does no damage.
You hit the hornet zombie.
The hornet zombie is heavily damaged.
The hornet zombie hits you. You block the hornet zombie's attack.
You barely miss the hornet zombie.
The hornet zombie is heavily damaged.
You block the hornet zombie's attack. The hornet zombie hits you!
* * * LOW HITPOINT WARNING * * *
You slash the hornet zombie!
The hornet zombie is severely damaged.
The hornet zombie hits you.
* * * LOW HITPOINT WARNING * * *
You closely miss the hornet zombie. Your bite misses the hornet zombie.
The hornet zombie is severely damaged.
The hornet zombie hits you.
* * * LOW HITPOINT WARNING * * *
You block the hornet zombie's attack.
You hit the hornet zombie but do no damage.
The hornet zombie is severely damaged.
The hornet zombie hits you.
* * * LOW HITPOINT WARNING * * *
You feel better. The hornet zombie barely misses you. x2
You barely miss the hornet zombie.
You bite the hornet zombie, but do no damage.
The hornet zombie is severely damaged.
The hornet zombie misses you. The hornet zombie barely misses you.
You barely miss the hornet zombie.
The hornet zombie is severely damaged.
The hornet zombie hits you!
* * * LOW HITPOINT WARNING * * *
You completely miss the hornet zombie. Your bite misses the hornet zombie.
The hornet zombie is severely damaged.
The hornet zombie hits you.
You die...

#.# #.# #. #.###.####
.. #......... #.
#####.#### #. #.# #.
#.# ##.###. #.#
.....(.############.#
.(.....@Z((...(.....#
.....#.####.#########
... ... #.# . ...##
#.# ..... #.# ....
#.# ### #.# #.#


You could see a hornet zombie.

Vanquished Creatures
  Sigmund (D:2)
  A water moccasin (D:5)
  A black bear (D:4)
  A necrophage (D:4)
  A scorpion (D:4)
  Blork the orc (D:4)
  2 hounds
  A bullfrog skeleton (D:5)
  An iguana (D:5)
  A hound skeleton (D:4)
  4 gnolls (D:4)
  3 adders
  An adder skeleton (D:4)
  A worm (D:1)
  A dart slug (D:1)
  An orc (D:4)
  5 ball pythons
  2 bats (D:1)
  7 endoplasms
  A giant cockroach (D:3)
  2 goblins
  7 hobgoblins
  2 jackals (D:1)
  7 kobolds
  5 quokkas
  2 frilled lizards (D:1)
  A rat (D:1)
63 creatures vanquished.

Notes
Turn   | Place    | Note
-------+----------+-------------------------------------------
     0 | D:1      | Renzlar the Gnoll Fighter began the quest for the Orb.
     0 | D:1      | Reached XP level 1. HP: 23/23 MP: 1/1
   282 | D:1      | Reached XP level 2. HP: 29/29 MP: 2/2
   444 | D:1      | Found a faded altar of an unknown god.
   453 | D:1      | Reached XP level 3. HP: 35/35 MP: 3/3
   807 | D:2      | Noticed Sigmund
   840 | D:2      | Killed Sigmund
   841 | D:2      | Reached skill level 1 in Short Blades
   841 | D:2      | Reached skill level 1 in Long Blades
   841 | D:2      | Reached skill level 1 in Maces & Flails
   841 | D:2      | Reached skill level 1 in Polearms
   841 | D:2      | Reached skill level 1 in Staves
   841 | D:2      | Reached skill level 1 in Slings
   841 | D:2      | Reached skill level 1 in Bows
   841 | D:2      | Reached skill level 1 in Crossbows
   841 | D:2      | Reached skill level 1 in Throwing
   841 | D:2      | Reached skill level 1 in Dodging
   841 | D:2      | Reached skill level 1 in Stealth
   841 | D:2      | Reached skill level 1 in Unarmed Combat
   841 | D:2      | Reached skill level 1 in Spellcasting
   841 | D:2      | Reached skill level 1 in Conjurations
   841 | D:2      | Reached skill level 1 in Hexes
   841 | D:2      | Reached skill level 1 in Summonings
   841 | D:2      | Reached skill level 1 in Necromancy
   841 | D:2      | Reached skill level 1 in Translocations
   841 | D:2      | Reached skill level 1 in Transmutations
   841 | D:2      | Reached skill level 1 in Fire Magic
   841 | D:2      | Reached skill level 1 in Ice Magic
   841 | D:2      | Reached skill level 1 in Air Magic
   841 | D:2      | Reached skill level 1 in Earth Magic
   841 | D:2      | Reached skill level 1 in Poison Magic
   841 | D:2      | Reached skill level 1 in Invocations
   841 | D:2      | Reached skill level 1 in Evocations
   841 | D:2      | Reached XP level 4. HP: 36/41 MP: 4/6
   841 | D:2      | Reached XP level 5. HP: 41/47 MP: 4/7
  1082 | D:2      | Found a snail-covered altar of Cheibriados.
  2119 | D:4      | Reached XP level 6. HP: 53/53 MP: 8/8
  2638 | D:4      | Reached skill level 5 in Axes
  2689 | D:4      | Noticed a black bear
  2695 | D:4      | Killed a black bear
  2782 | D:4      | Noticed a necrophage
  2792 | D:4      | Killed a necrophage
  2793 | D:4      | Reached XP level 7. HP: 55/60 MP: 10/10
  3257 | D:4      | Found a hazy altar of Hepliaklqana.
  3258 | D:4      | Noticed Blork the orc
  3270 | D:4      | Found a faded altar of an unknown god.
  3308 | D:4      | Killed Blork the orc
  3822 | D:5      | Entered Level 5 of the Dungeon
  4029 | D:5      | HP: 1/60 [poisoned by a water moccasin]
  4120 | D:5      | HP: 3/60 [hornet zombie (5)]
  4129 | D:5      | HP: 3/60 [hornet zombie (2)]
  4132 | D:5      | HP: 1/60 [hornet zombie (9)]
  4133 | D:5      | Slain by a hornet zombie

Illustrated notes

Levels and vault maps discovered:
D:1:      minmay_arrival_wavy_path, layout_rooms,
          hellmonk_ecumenical_altar_arch_garden, minmay_heptomino_l4
D:2:      layout_basic, basic_altar, minmay_misc_feat_chi, uniq_sigmund
D:3:      layout_basic
D:4:      layout_layer_cave, beargit_hepliaklqana_dungeon_heroes
D:5:      layout_loops_ring

Skill      XL: |  1  2  3  4  5  6  7 |
---------------+----------------------+-----
Short Blades   | 1 2 |  2.8
Long Blades    | 1 2 |  2.8
Maces & Flails | 1 2 |  2.8
Polearms       | 1 2 |  2.8
Staves         | 1 2 |  2.8
Slings         | 1 2 |  2.8
Bows           | 1 2 |  2.8
Crossbows      | 1 2 |  2.8
Throwing       | 1 2 |  2.8
Dodging        | 1 2 |  2.8
Stealth        | 1 2 |  2.8
Unarmed Combat | 1 2 |  2.8
Spellcasting   | 1 2 |  2.8
Conjurations   | 1 2 |  2.2
Hexes          | 1 2 |  2.2
Summonings     | 1 2 |  2.2
Necromancy     | 1 2 |  2.2
Translocations | 1 2 |  2.2
Transmutations | 1 2 |  2.2
Fire Magic     | 1 2 |  2.2
Ice Magic      | 1 2 |  2.2
Air Magic      | 1 2 |  2.2
Earth Magic    | 1 2 |  2.2
Poison Magic   | 1 2 |  2.2
Invocations    | 1 2 3 |  3.1
Evocations     | 1 2 |  2.8
Axes           | 5 |  5.4
Fighting       | 7 |  7.1
Armour         | 7 |  7.1
Shields        | 7 |  7.1

Action                   |  1- 3 |  4- 6 |  7- 9 || total
-------------------------+-------+-------+-------++-------
Melee: War axe           |    64 |    26 |    24 ||   114
       Bite              |     9 |       |     4 ||    13
       Whip              |       |       |     7 ||     7
 Fire: Hunting sling     |    21 |    76 |    45 ||   142
Evoke: Wand              |       |       |     1 ||     1
  Use: Scroll            |     2 |     6 |       ||     8
       Potion            |     1 |       |     3 ||     4
Armor: Scale mail        |    30 |    17 |    16 ||    63
Dodge: Dodged            |    26 |    18 |    18 ||    62
Block: Buckler           |    13 |    14 |     9 ||    36
